AoeStats
← warvagon

Arena

507464743Analyzed
1v1 RM · 13d ago on Sep 18, 2026· 30m 17s· 2 players
Game mode
Random Map
Map size
Tiny (2 player)
Population
200
Speed
Normal
Resources
Standard
Victory
Conquest
Starting age
Dark Age
Ending age
Imperial Age
RankedLock teamsTeams togetherTeam positionsShared explorationLock speedFull tech treeHidden civsTurbo modeCheats
Victory
Defeat
🇩🇪 Khmer · Germany
1061
+14
🇱🇹 Huns · Lithuania
1019
-14
[2ZKA] maddingR 🏹
10:02 Feudal Age
8:17 Loom
14:09 Castle Age
12:18 Horse Collar
13:04 Double-Bit Axe
15:28 Heavy Plow
16:46 Bow Saw
16:59 Sanctity
19:55 Redemption
20:57 Fervor
20:48 Pikeman
29:02 Scale Mail Armor
29:13 Forging
warvagon
10:04 Feudal Age
10:52 Double-Bit Axe
16:48 Castle Age
15:44 Forging
16:14 Scale Barding Armor
16:29 Gold Mining
17:48 Bow Saw
25:52 Horse Collar
Connection lost

Rejoining the realm…

Still unreachable

The connection could not be restored.

Session expired

The server has moved on; the page needs a fresh start.